AoeStats
← 76896859

Arabia

509904243Analyzed
1v1 RM · 4d ago on Sep 28, 2026· 36m 43s· 2 players
Game mode
Random Map
Map size
Tiny (2 player)
Population
200
Speed
Normal
Resources
Standard
Victory
Conquest
Starting age
Dark Age
Ending age
Imperial Age
RankedLock teamsTeams togetherTeam positionsShared explorationLock speedFull tech treeHidden civsTurbo modeCheats
Victory
Defeat
🇨🇳 Huns · China
1028
+15
🇪🇸 Byzantines · Spain
1011
-15
danimerinoruiz
10:53 Feudal Age
19:08 Castle Age
19:22 Loom
23:01 Double-Bit Axe
29:43 Scale Barding Armor
29:48 Forging
31:24 Forging
34:31 Pikeman
35:58 Squires
76896859
4:38 Loom
9:47 Feudal Age
13:20 Wheelbarrow
16:26 Fletching
21:28 Gold Mining
24:03 Castle Age
22:48 Scale Barding Armor
23:14 Bloodlines
24:52 Forging
25:03 Hand Cart
24:41 Double-Bit Axe
24:38 Horse Collar
25:32 Heavy Plow
26:08 Bow Saw
30:47 Hand Cart
31:27 Chain Barding Armor
31:18 Husbandry
31:27 Town Watch
35:22 Iron Casting
36:00 Gold Shaft Mining
36:05 Scale Mail Armor
39:32 Imperial Age
Connection lost

Rejoining the realm…

Still unreachable

The connection could not be restored.

Session expired

The server has moved on; the page needs a fresh start.